 Dungeon Crawl Stone Soup version 0.28.0-45-g0d030f2227 (webtiles) character file.

Game seed: 742017960665778218

435 selver the Cudgeller (level 6, -3/51 HPs)
             Began as a Minotaur Fighter on Apr 14, 2022.
             Splashed by a jelly's acid (6 damage)
             ... on level 4 of the Dungeon.
             The game lasted 00:07:46 (4237 turns).

selver the Cudgeller (Minotaur Fighter)             Turns: 4237, Time: 00:07:47

Health: -3/51      AC:  0    Str: 23    XL:     6   Next: 68%
Magic:  5/5        EV:  7    Int:  5    God:
Gold:   214        SH:  5    Dex:  9    Spells: 5/5 levels left

rFire   . . .      SeeInvis .   a - +0 flail
rCold   . . .      Faith    .   c - +0 buckler
rNeg    . . .      Spirit   .   d - +3 chain mail
rPois   .          Reflect  .   (helmet restricted)
rElec   .          Harm     .   (no cloak)
rCorr   .          Rampage  .   (no gloves)
Will    .....                   (no boots)
Stlth   ..........              (no amulet)
HPRegen 0.17/turn               (no ring)
MPRegen 0.09/turn               (no ring)

@: corroded
A: horns 2, retaliatory headbutt, deformed body, MP-powered wands
a: no special abilities


You were on level 4 of the Dungeon.
You visited 1 branch of the dungeon, and saw 5 of its levels.

You collected 214 gold pieces.

Inventory:

Hand Weapons
 a - a +0 flail (weapon)
Armour
 b - a +0 scale mail
 c - a +0 buckler (worn)
 d - a +3 chain mail (worn)
 j - an orb of mayhem
Jewellery
 i - a ring of magical power
Scrolls
 e - a scroll of magic mapping {unknown}
 f - 2 scrolls of fog
 g - 2 scrolls of teleportation {unknown}
 h - 6 scrolls of identify {unknown}
 o - a scroll of immolation {unknown}
 q - a scroll of enchant armour {unknown}
 r - a scroll of amnesia {unknown}


   Skills:
 - Level 3.6 Fighting
 * Level 7.2 Maces & Flails
 + Level 4.3 Armour
 - Level 5.5 Shields


You had 5 spell levels left.
You didn't know any spells.
Your spell library contained the following spells:

 Spells                   Type           Power      Damage    Failure   Level
 Iskenderun's Battlesphe  Conj           0%         2d6       100%        5
 Iron Shot                Conj/Erth      0%         9d1       100%        6
 Spellforged Servitor     Conj/Summ      0%         N/A       100%        7


Dungeon Overview and Level Annotations

Branches:
Dungeon (5/15)
 Temple: D:4-7

Altars:
Makhleb
Sif Muna
Xom

Annotations:
D:3 3 runed translucent doors, Zeld's ghost, weakling OpTm


Innate Abilities, Weirdness & Mutations

You have a pair of horns on your head.
You reflexively headbutt those who attack you in melee.
Armour fits poorly on your strangely shaped body.
You expend magic power (3 MP) to strengthen your wands.


Message History

The ufetubus barely misses you. The ufetubus closely misses you.
Found an escape hatch in the ceiling.
There is a stone staircase leading up here.
You block the ufetubus's attack. The ufetubus closely misses you.
The jelly hits you but does no damage. The ufetubus hits you.
The ufetubus hits you but does no damage.
You climb upwards.
Reactivating autopickup.
There is a stone staircase leading down here.
You hit the jelly.
Your hands burn!
The jelly is lightly wounded.
The ufetubus hits you but does no damage.
The ufetubus barely misses you. The jelly hits you but does no damage.
You hit the jelly. The acid corrodes you!
Your hands burn!
Your headbutt misses the jelly.
The jelly is moderately wounded.
The ufetubus hits you. The ufetubus completely misses you.
The ufetubus hits you. You block the ufetubus's attack.
The jelly barely misses you.
You hit the jelly but do no damage.
Your hands burn!
You headbutt the jelly.
The jelly is moderately wounded.
The ufetubus closely misses you. The ufetubus hits you.
* * * LOW HITPOINT WARNING * * *
You block the jelly's attack.
You hit the jelly but do no damage. The acid corrodes you!
Your hands burn!
* * * LOW HITPOINT WARNING * * *
The jelly is moderately wounded.
You block the ufetubus's attack. The ufetubus closely misses you.
The ufetubus barely misses you. The ufetubus hits you.
* * * LOW HITPOINT WARNING * * *
You block the jelly's attack.
You hit the jelly but do no damage.
Your hands burn!
* * * LOW HITPOINT WARNING * * *
The jelly is moderately wounded.
The ufetubus hits you.
* * * LOW HITPOINT WARNING * * *
You block the ufetubus's attack. The jelly hits you.
* * * LOW HITPOINT WARNING * * *
You are splashed with acid.
You die...

#...##### ###.#.#####
#.>.#...# #.......###
#...#...# #.#.#......
####...#...####.#.###.#..
...............#.#..##.#).
.........).......<#(#.....
..........g#######......#..
######g..#5# #......#..
#...#@# #.#...#### #...#J#
###.....# ......#
##...##.## ......##.
##......... ..# ..
##.....##<## ...
#∩#...#..##.# ....
#...##.....# #...
#..)######### #....##


You could see a jelly, an ufetubus and a hobgoblin.

Vanquished Creatures
  Pargi (D:3)
  A crimson imp (D:5)
  A bullfrog zombie (D:5)
  Terence (D:3)
  An orc wizard (D:4)
  A scorpion zombie (D:5)
  A howler monkey zombie (D:5)
  4 gnolls
  7 adders
  2 worms (D:2)
  4 dart slugs
  2 ball pythons (D:1)
  5 bats
  5 endoplasms
  3 giant cockroaches
  14 goblins
  13 hobgoblins
  3 quokkas
  3 frilled lizards
  6 kobolds
  7 rats
85 creatures vanquished.

Notes
Turn   | Place    | Note
-------+----------+-------------------------------------------
     0 | D:1      | selver the Minotaur Fighter began the quest for the Orb.
     0 | D:1      | Reached XP level 1. HP: 19/19 MP: 0/0
   151 | D:1      | Reached skill level 3 in Maces & Flails
   159 | D:1      | Reached XP level 2. HP: 26/26 MP: 1/1
   289 | D:1      | Reached XP level 3. HP: 31/31 MP: 2/2
   457 | D:1      | Found a faded altar of an unknown god.
   635 | D:1      | Reached skill level 4 in Maces & Flails
   927 | D:1      | Reached XP level 4. HP: 21/39 MP: 3/3
  1505 | D:2      | Reached skill level 5 in Maces & Flails
  1961 | D:2      | Reached XP level 5. HP: 41/45 MP: 4/4
  2326 | D:2      | Reached skill level 5 in Shields
  2467 | D:3      | Found a runed translucent gate.
  2472 | D:3      | Noticed Pargi
  2486 | D:3      | Gained mutation: Armour fits poorly on your strangely
                  | shaped body. [potion of mutation]
  2486 | D:3      | Gained mutation: You expend magic power (3 MP) to
                  | strengthen your wands. [potion of mutation]
  2501 | D:3      | Killed Pargi
  2502 | D:3      | Reached skill level 6 in Maces & Flails
  2668 | D:3      | Found a runed translucent gate.
  2669 | D:3      | Found a runed translucent gate.
  2742 | D:3      | Noticed Terence
  2751 | D:3      | Killed Terence
  2752 | D:3      | Reached XP level 6. HP: 35/51 MP: 5/5
  3023 | D:3      | Noticed Zeld's ghost (weakling OpTm)
  3537 | D:4      | Found a shimmering blue altar of Sif Muna.
  3540 | D:4      | Noticed an orc warrior
  3631 | D:5      | Entered Level 5 of the Dungeon
  3912 | D:5      | Reached skill level 7 in Maces & Flails
  4028 | D:5      | Found a burning altar of Makhleb.
  4028 | D:5      | Found a shimmering altar of Xom.
  4217 | D:5      | Noticed a sky beast
  4237 | D:4      | Splashed by a jelly's acid

Illustrated notes

Levels and vault maps discovered:
D:1:      ncdulo_wetmaze, layout_basic, chequers_ecumenical_altar_lobes
D:2:      kennysheep_the_goblin_king, layout_rooms, serial_aquarium,
          aquarium_bridge_square [aquarium_subvault_bridge,
          aquarium_subvault_bridge, aquarium_subvault_bridge,
          aquarium_subvault_bridge], aquarium_window_1, aquarium_window_fake,
          aquarium_view_2d, aquarium_balcony_1b, small_statue_intersection,
          corexii_item_surrounded_by_moat, nrook_loot_triangle,
          minmay_randomly_rotated_circles
D:3:      layout_loops_ring, gammafunk_ghost_icy, moated_statue, uniq_terence,
          uniq_pargi
D:4:      layout_loops_cross, nzn_overflow_gifts_of_might_and_magic,
          minmay_temple_entry_tees, hangedman_abyss_or_decor_stabs,
          uniq_eustachio
D:5:      layout_cave_pools, grunt_temple_overflow_champion_of_chaos,
          gup_sewer_entry_bubbles

Skill      XL: |  1  2  3  4  5  6 |
---------------+-------------------+-----
Maces & Flails | 3 4 5 6 7 |  7.2
Shields        | 4 5 |  5.5
Armour         | 4 |  4.3
Fighting       | |  3.6

Action                   |  1- 3 |  4- 6 || total
-------------------------+-------+-------++-------
Melee: Flail             |    72 |   191 ||   263
       Headbutt          |     6 |    21 ||    27
  Use: Potion            |       |     8 ||     8
       Scroll            |       |     1 ||     1
Armor: Scale mail        |    40 |    40 ||    80
       Skin              |       |    41 ||    41
       Chain mail        |       |    31 ||    31
Dodge: Dodged            |    32 |    75 ||   107
Block: Buckler           |    16 |    54 ||    70
